AoeStats
← [ExIT] Sawyer

Golden Pit

509574498Analyzed
1v1 RM · 6d ago on Sep 27, 2026· 21m 30s· 2 players
Game mode
Random Map
Map size
Tiny (2 player)
Population
200
Speed
Normal
Resources
Standard
Victory
Conquest
Starting age
Dark Age
Ending age
Imperial Age
RankedLock teamsTeams togetherTeam positionsShared explorationLock speedFull tech treeHidden civsTurbo modeCheats
Victory
Defeat
🇨🇳 Tupi · China
1388
+18
🇩🇪 Saxons · Germany
1421
-18
snailwidely
6:57 Loom
10:22 Feudal Age
14:26 Castle Age
12:53 Double-Bit Axe
14:41 Gold Mining
18:23 Fletching
19:56 Bodkin Arrow
[ExIT] Sawyer
9:26 Feudal Age
7:43 Loom
9:58 Man-at-Arms
15:35 Castle Age
15:49 Double-Bit Axe
19:59 Fletching
Connection lost

Rejoining the realm…

Still unreachable

The connection could not be restored.

Session expired

The server has moved on; the page needs a fresh start.